 Dungeon Crawl Stone Soup version 0.18-a0-1105-ge9caa06 (webtiles) character file.

112 Reinor the Skirmisher (level 4, 0/39 HPs)
             Began as a Demonspawn Abyssal Knight on Jan 16, 2016.
             Was a Believer of Lugonu.
             Slain by a worm (3 damage)
             ... on level 3 of the Dungeon.
             The game lasted 00:07:12 (1866 turns).

Reinor the Skirmisher (Demonspawn Abyssal Knight)   Turns: 1866, Time: 00:07:12

Health: 0/39       AC:  6    Str: 12    XL:     4   Next: 63%
Magic:  0/5        EV: 11    Int: 13    God:    Lugonu [**....]
Gold:   130        SH:  0    Dex: 14    Spells: 0 memorised, 3 levels left

rFire  . . .     SeeInvis .     a - +2 mace
rCold  . . .     Gourm    .     b - +0 leather armour
rNeg   . . .     Faith    .     (no shield)
rPois  .         Spirit   +     i - +2 helmet
rElec  .         Dismiss  .     (no cloak)
rCorr  .         Reflect  .     (no gloves)
SustAt .         Harm     .     (no boots)
MR     .....                    (no amulet)
Stlth  +.........               (no ring)
                                (no ring)

@: not resistant to hostile enchantments, very unstealthy
A: magic shield
a: Depart the Abyss, Bend Space, Renounce Religion


You were on level 3 of the Dungeon.
You worshipped Lugonu.
Lugonu was pleased with you.
You were not hungry.

You visited 1 branch of the dungeon, and saw 3 of its levels.
You visited the Abyss 1 time.

You collected 130 gold pieces.

Inventory:

Hand Weapons
 a - a +2 mace (weapon)
 m - a +0 dagger of protection
Armour
 b - a +0 leather armour (worn)
 i - a +2 helmet (worn)
Wands
 e - a wand of slowing (15/48)
Scrolls
 d - 2 scrolls of identify
 h - a scroll of remove curse
 k - a scroll of amnesia
Potions
 g - 2 potions of heal wounds
Miscellaneous
 o - a plain deck of summoning {the Elements}
Comestibles
 c - 2 bread rations
 f - a fruit
 j - a beef jerky
 l - a chunk of flesh


   Skills:
 + Level 5.0 Fighting
 + Level 0.5 Short Blades
 - Level 2.4 Maces & Flails
 - Level 1.7 Armour
 - Level 0.8 Dodging
 - Level 2.4 Invocations


You had 3 spell levels left.
You didn't know any spells.

Dungeon Overview and Level Annotations

Branches:
Dungeon (3/15)

Altars:
Nemelex Xobeh


Innate Abilities, Weirdness & Mutations

When hurt, damage is shared between your health and your magic reserves.


Message History

Things that are here:
a chunk of flesh x2 a giant gecko skeleton
l - a chunk of flesh;
l - 2 chunks of flesh (gained 1)
You hit the bat.
You kill the bat!
Lugonu accepts your kill.
Eat one of 2 chunks of flesh? (ye/n/q/i?) This raw flesh tastes terrible.
You continue eating. x2
A worm comes into view.
You hit the worm.
The worm is moderately wounded.
The worm bites you!
* * * LOW HITPOINT WARNING * * *
You hit the worm.
The worm is heavily wounded.
You hit the worm.
The worm is severely wounded.
The worm bites you.
You die...

,,,**,* *,* *,#..#
#...### ,,,**,* *,*
*,#.รท#### ###.# *
,,,**,***,*
*,#.....# *.# *
,,,**,,,,,*
*,#.###.# *,* *
,*******,,******,#.#
#.# *,*** **
*,,,,,,,,,#.# #.#
*,,,* *,********#.#
#.# ******,*
*,#########.# #.#
*,,,,,,*
*,......w@..# #.#
*,******
**########### #.#
*>* #.# *,* *,*
*,******
*,***,,,,,,,
*,,,,,,,,,**
*********,*, *,**
*,,,


You could see a worm.

Vanquished Creatures
  An orc priest (D:3)
  2 adders
  An ooze (D:1)
  4 worms
  3 giant geckos
  4 orcs (D:3)
  A ball python (D:2)
  A giant cockroach (D:2)
  5 goblins
  4 hobgoblins (D:1)
  5 kobolds
  4 bats
  3 giant newts
  3 rats
41 creatures vanquished.

Notes
Turn   | Place    | Note
--------------------------------------------------------------
     0 | Abyss:1  | Reinor the Demonspawn Abyssal Knight began the quest for the Orb.
     0 | Abyss:1  | Reached XP level 1. HP: 18/18 MP: 2/2
    23 | D:1      | Escaped the Abyss
    98 | D:1      | Gained mutation: When hurt, damage is shared between your health and your magic reserves. [demonic ancestry]
    98 | D:1      | Reached XP level 2. HP: 14/24 MP: 3/3
   403 | D:1      | Reached ** piety under Lugonu
   803 | D:2      | Reached XP level 3. HP: 22/30 MP: 4/4
   857 | D:2      | Reached skill level 4 in Fighting
   961 | D:2      | Found a sparkling altar of Nemelex Xobeh.
  1781 | D:3      | Reached XP level 4. HP: 24/38 MP: 2/5
  1842 | D:3      | Reached skill level 5 in Fighting
  1866 | D:3      | Slain by a worm

Vault maps used:
D:1:      dpeg_arrival_short_road
D:2:      nemelex_deck
D:3:      first_bread, tgw_kikubaaqudgha

Action                   |  1- 3 |  4- 6 || total
-------------------------+-------+-------++-------
Melee: Mace              |   101 |    41 ||   142
       Dagger            |    38 |       ||    38
  Use: Scroll            |     7 |       ||     7
 Stab: Sleeping          |     1 |       ||     1
  Eat: Fruit             |     2 |       ||     2
       Chunk             |     1 |     1 ||     2
